Map: 세룰리안 폴 - 래더

Players

LiquidTaeJa (TaeJa) - Winner!

  • Race: Terran Terran
  • League: Diamond
  • Spawn Location: 7:00

Clem

  • Race: Terran Terran
  • League: Master
  • Spawn Location: 1:00

Event: HomeStory Cup XVIII

VOD

Have the link to the VOD?

Description

Time

  • Played on: Nov. 23, 2018, 11:14 a.m.
  • Length: 6:04

All games in this series

Show
View Real Time Build Order
Export as new Build Order

LiquidTaeJa Terran - Winner!

Build Orders: Gas First Reaper Expand, Reaper Expand 

Get SALT Encoding   

  12  0:00  SCV  
  13  0:12  SCV  
  14  0:17  Supply Depot  
  14  0:24  SCV  
  14  0:28  Refinery  
  15  0:39  SCV  
  16  0:45  Barracks  
  16  0:51  SCV  
  17  1:03  SCV  
  18  1:15  SCV  
  19  1:31  Orbital Command  
  19  1:32  Reaper  
  20  1:46  Command Center  
  20  1:57  Factory  
  20  2:01  SCV  
  21  2:06  Barracks Reactor  
  21  2:09  Refinery  
  21  2:13  SCV  
  22  2:19  Supply Depot  
  22  2:25  SCV  
  23  2:41  Starport, Hellion, SCV  
  23  2:43  Marine  
  27  2:46  Marine  
  28  2:53  SCV  
  29  2:58  Orbital Command  
  29  3:03  Factory Tech Lab  
  29  3:05  SCV  
  30  3:10  Marine x2  
  32  3:17  SCV  
  33  3:25  Refinery  
  31  3:29  SCV x2  
  31  3:32  Raven  
  31  3:33  Factory Tech Lab, Marine  
  31  3:34  Marine  
  37  3:41  SCV x2  
  37  3:44  Supply Depot  
  39  3:52  Cyclone  
  39  3:53  SCV  
  39  3:54  SCV  
  44  3:56  Marine x2  
  46  4:05  Supply Depot, SCV  
  46  4:06  SCV  
  48  4:15  Raven  
  50  4:17  SCV  
  50  4:18  SCV  
  50  4:19  Supply Depot  
  50  4:24  Marine x2  
  53  4:26  Cyclone  
  53  4:31  SCV x2  
  57  4:42  Marine x2  
  57  4:43  SCV  
  57  4:44  SCV  
  61  4:47  Supply Depot  
  61  4:55  SCV  
  61  4:56  SCV  
  61  4:58  Siege Tank  
  66  5:00  Supply Depot, Marine x2  
  68  5:08  SCV x2  
  70  5:20  SCV x2  
  72  5:21  Marine x2  
  73  5:32  SCV  
  73  5:33  SCV  
  72  5:39  Refinery  
  72  5:42  Command Center  
  68  5:44  SCV  
  68  5:45  SCV  
Show
View Real Time Build Order
Export as new Build Order

Clem Terran 

Build Orders: 1/1/1, Banshee Rush 

Get SALT Encoding   

  12  0:01  SCV  
  13  0:14  SCV  
  14  0:17  Supply Depot  
  14  0:27  SCV  
  15  0:30  Refinery  
  15  0:39  SCV  
  16  0:44  Barracks  
  16  0:51  SCV  
  17  1:02  Refinery  
  17  1:03  SCV  
  18  1:18  SCV  
  19  1:31  Factory  
  19  1:32  Orbital Command  
  19  1:37  Reaper  
  20  1:43  Supply Depot  
  20  1:58  SCV  
  21  2:09  Reaper  
  21  2:10  SCV  
  23  2:16  Hellion  
  23  2:17  Starport  
  26  2:22  SCV  
  26  2:23  Supply Depot  
  26  2:34  SCV  
  27  2:39  Hellion  
  27  2:43  Barracks Tech Lab  
  29  2:47  SCV  
  30  3:04  Cloaking Field, Command Center  
  30  3:11  Banshee  
  32  3:16  SCV  
  32  3:27  Supply Depot  
  32  3:29  Factory Tech Lab, Barracks Reactor  
  32  3:33  SCV  
  33  3:47  SCV  
  34  3:54  Banshee  
  37  4:02  Siege Tank, SCV  
  41  4:07  Marine x2  
  43  4:13  Engineering Bay  
  43  4:14  SCV  
  44  4:18  Orbital Command  
  44  4:26  SCV  
  44  4:27  Marine x2  
  47  4:38  SCV  
  48  4:45  Marine, Siege Tank  
  52  4:47  Marine  
  52  4:50  SCV  
  54  4:56  Barracks  
  54  4:57  SCV  
  54  4:59  Barracks  
  55  5:02  Raven, SCV  
  55  5:05  Supply Depot  
  58  5:09  Marine x2  
  58  5:11  SCV  
  57  5:14  SCV  
  57  5:23  SCV  
  57  5:26  Marine x2, SCV  
  58  5:31  Siege Tank  
  58  5:35  SCV  
  56  5:38  SCV  
  57  5:43  Refinery  
  57  5:44  Marine  
  57  5:45  Refinery  
  57  5:47  SCV  
  57  5:48  Barracks Reactor  
  54  5:50  SCV  
  54  5:57  Starport Reactor  
Tags
 
Add a new tag
Caveats
  • Supply blocks, unpowered buildings, or Contaminate may cause inaccurate times.
  • Supply counts are checked every 10 seconds.